 Dungeon Crawl Stone Soup version 0.31-a0-1-g4198be8af4 (webtiles) character file.

Game seed: 218135913630795216

7261 quinnr the Zephyrmancer (level 10, -2/56 HPs)
             Began as a Deep Elf Air Elementalist on May 3, 2023.
             Was a Priest of Vehumet.
             Slain by a minotaur
             ... wielding a +0 spear of flaming
              (16 damage)
             ... in a Gauntlet.
             The game lasted 00:34:41 (13783 turns).

quinnr the Zephyrmancer (DEAE)                     Turns: 13783, Time: 00:34:42

Health: -2/56      AC:  9    Str:  9    XL:     10   Next: 89%
Magic:  4/19       EV: 15    Int: 24    God:    Vehumet [***...]
Gold:   308        SH:  6    Dex: 23    Spells: 5/19 levels left

rFire   . . .        r - staff of air {!a}
rCold   . . .        v - +0 buckler
rNeg    . . .        j - +2 leather armour "Wunigix" {rCorr Dex+5}
rPois   .            w - +0 helmet "Mushri Naadi" {Regen+ SInv}
rElec   +            (no cloak)
rCorr   +            E - +2 pair of gloves
SInv    +            (no boots)
Will    +....        (no amulet)
Stlth   ++++         C - ring "Rutuam" {Wiz rCorr Dex+4 Slay+2}
HPRegen 1.09/turn    (no ring)
MPRegen 0.16/turn

%: no teleportation, wizardry (x1)
@: studying Armour
A: hooves 1, strong 1, sturdy frame 1
a: Renounce Religion


You were in a Gauntlet.
You worshipped Vehumet.
Vehumet was most pleased with you.
You visited 2 branches of the dungeon, and saw 12 of its levels.
You also visited: Sewer, Ossuary and Gauntlet.

You collected 545 gold pieces.
You spent 237 gold pieces at shops.


Innate Abilities, Weirdness & Mutations

You have large cloven feet.
Your muscles are strong. (Str +4, Int/Dex -1)
Your movements are slightly less encumbered by armour. (ER -2)


   Skills:
 + Level 4.1 Fighting
 - Level 3.0 Armour
 - Level 5.6 Dodging
 - Level 6.0 Stealth
 - Level 4.0 Shields
 - Level 5.0 Spellcasting
 - Level 3.0 Conjurations
 - Level 4.0 Summonings
 - Level 12.0 Air Magic
 - Level 4.0 Evocations


You had 5 spell levels left.
You knew the following spells:

 Your Spells              Type           Power      Damage    Failure   Level
a - Airstrike             Air            38%        2d(6-22)  1%          4
i - Swiftness             Air            77%        N/A       1%          3
l - Summon Lightning Spi  Summ/Air       61%        N/A       1%          4
t - Static Discharge      Conj/Air       100%       2-7/arc   1%          2
z - Shock                 Conj/Air       100%       1d9       1%          1

Your spell library contained the following spells:

 Spells                   Type           Power      Damage    Failure   Level
 Stone Arrow              Conj/Erth      26%        3d8       2%          3
 Slow                     Hex            24%        N/A       6%          1
 Ensorcelled Hibernation  Hex/Ice        12%        N/A       9%          2
 Lesser Beckoning         Tloc           12%        N/A       9%          2
 Passwall                 Tmut/Erth      5%         N/A       9%          2
 Silence                  Hex/Air        25%        N/A       13%         5
 Confusing Touch          Hex            6%         N/A       16%         3
 Gell's Gravitas          Tloc           6%         N/A       16%         3
 Ozocubu's Armour         Ice            6%         N/A       16%         3
 Teleport Other           Tloc           6%         N/A       16%         3
 Vampiric Draining        Necr           6%         2d6       16%         3
 Passage of Golubria      Tloc           6%         N/A       45%         4
 Metabolic Englaciation   Hex/Ice        3%         N/A       80%         5
 Maxwell's Capacitive Co  Air            38%        ∞         50%         8
 Storm Form               Tmut/Air       25%        N/A       98%         7
 Simulacrum               Ice/Necr       3%         N/A       100%        6
 Lehudib's Crystal Spear  Conj/Erth      6%         10d3      100%        8

Inventory:

Hand Weapons
 q - a +1 dagger of venom
 D - a +2 dagger of venom
 L - the +1 sling of Analysis {speed, rC- rN+ rCorr}
   (You found it on level 8 of the Dungeon)

   rC:        It makes you vulnerable to cold.
   rN:        It protects you from negative energy.
   rCorr:     It protects you from acid and corrosion.
Armour
 a - a +0 robe
 i - an orb of light
 j - the +2 leather armour "Wunigix" (worn) {rCorr Dex+5}
   (You found it on level 2 of the Dungeon)

   Dex:       It affects your dexterity (+5).
   rCorr:     It protects you from acid and corrosion.
 v - a +0 buckler (worn)
 w - the +0 helmet "Mushri Naadi" (worn) {Regen+ SInv}
   (You bought it in a shop on level 5 of the Dungeon)

   SInv:      It lets you see invisible.
   Regen:     It increases your rate of health regeneration.
 E - a +2 pair of gloves (worn)
Magical Staves
 r - a staff of air (weapon) {!a}
Jewellery
 C - the ring "Rutuam" (left hand) {Wiz rCorr Dex+4 Slay+2}
   (You found it in a Gauntlet)

   [ring of wizardry]

   It improves your spell success rate.
   Dex:       It affects your dexterity (+4).
   Slay:      It affects your accuracy & damage with ranged weapons and melee
   (+2).
   rCorr:     It protects you from acid and corrosion.
Wands
 g - a wand of mindburst (14)
 t - a wand of flame (26)
 z - a wand of polymorph (10)
 K - a wand of iceblast (1)
 N - a wand of charming (5)
Scrolls
 c - 3 scrolls of brand weapon
 d - a scroll of silence {!r}
 e - 5 scrolls of immolation
 k - 2 scrolls of amnesia
 m - 2 scrolls of fear (quivered)
 n - 4 scrolls of blinking
 s - 2 scrolls of noise
 y - a scroll of magic mapping
 A - 4 scrolls of teleportation {@r2}
 B - 3 scrolls of vulnerability
 F - a scroll of torment {unknown}
 H - 4 scrolls of fog
 J - a scroll of enchant armour
Potions
 b - a potion of magic
 f - a potion of attraction
 h - 6 potions of degeneration
 l - 7 potions of flight
 o - 11 potions of curing {@q1}
 p - 2 potions of brilliance
 u - 2 potions of mutation
 x - 3 potions of invisibility
 G - 2 potions of heal wounds {@q2}
 M - a potion of might
 Q - a potion of resistance
Miscellaneous
 P - a piece from Xom's chessboard (15/15)

Dungeon Overview and Level Annotations

Branches:
Dungeon (11/15)            Temple (1/1) D:6             Orc (0/2) D:11
  Sewer (visited)         Ossuary (visited)         Gauntlet (1/1)
   Lair: D:8-11

Altars:
Cheibriados
Elyvilon
Fedhas
Hepliaklqana
Makhleb
Nemelex Xobeh
Okawaru
Sif Muna
Trog
Uskayaw
Vehumet

Shops:
D:5 [

Annotations:
Gauntlet 21 runed translucent doors, 8 transporters, exclusion: oklob plant

▒▒▒▒ ..▒ ▓▓▓▓ ▓.▒
▓....▓.▒▒ ░.H..▒
░.▓▓@▒ .H ▓.▒ ⌠.⌠
▓.▒ ░░░ ▓.▒ ▓.▒
▒.▓▓▓▓▓▓▓▓▓▓▓.▒
▒.............▒
▓▓▒▒▒▒▒▒▒.▒▒▒▒▒▒▒▓▓
▓≈...............§▓


You could see a minotaur.


Message History

The minotaur completely misses you.
Your lightning spire shoots out a bolt of lightning at the minotaur!
The bolt of electricity hits the minotaur! x2
The bolt of electricity hits your lightning spire.
Unknown command.
Casting: Airstrike (safe; 1% risk of failure)
Confirm with . or Enter, or press ? or * to list all spells.
You don't have enough magic to cast this spell.
Unknown command.
Unknown command.
Aiming: Mindburst
Press: ? - help, Shift-Dir - straight line, f - you, p - minotaur
Okay, then.
Unknown command.
You feel better.
The minotaur hits your lightning spire with a +0 spear of flaming!!
The minotaur burns your lightning spire.
The minotaur gores your lightning spire.
Your lightning spire is destroyed!
Your lightning spire disappears in a puff of smoke!
Aiming: Mindburst
Press: ? - help, Shift-Dir - straight line, f/p - minotaur
Aim: a minotaur, wielding a +0 spear of flaming, wearing a +0 chain mail, wearing a +4 ring of slaying and quivering javelins (severely wounded, unaware, hasn't noticed you, chance to affect: 16%)
The minotaur bellows!
The minotaur resists with almost no effort.
The minotaur hits you from afar with a +0 spear of flaming!!
Ouch! That really hurt!
* * * LOW HITPOINT WARNING * * *
The minotaur burns you!
You die...

Skill      XL: |  1  2  3  4  5  6  7  8  9 10 |
---------------+-------------------------------+-----
Air Magic      | 4 5 8 9 12 | 12.0
Stealth        | 3 4 5 6 |  6.0
Armour         | 1 2 3 |  3.0
Shields        | 1 2 4 |  4.0
Fighting       | 1 3 4 |  4.1
Dodging        | 4 5 |  5.6
Conjurations   | 2 3 |  3.0
Evocations     | 1 4 |  4.0
Summonings     | 4 |  4.0
Spellcasting   | 5 |  5.0

Action                     |  1- 3 |  4- 6 |  7- 9 | 10-12 || total
---------------------------+-------+-------+-------+-------++-------
  Melee: Unarmed           |     5 |       |       |       ||     5
         Dagger            |     1 |    32 |    63 |    29 ||   125
         Kick              |       |       |     9 |     1 ||    10
         Staff             |       |       |     1 |       ||     1
   Cast: Shock             |    89 |    89 |   264 |    28 ||   470
         Static Discharge  |       |    11 |    23 |     1 ||    35
         Airstrike         |       |     2 |    30 |    29 ||    61
         Summon Lightning  |       |       |     2 |     5 ||     7
         Swiftness         |       |       |     1 |     2 ||     3
  Evoke: Wand              |       |       |     6 |     3 ||     9
    Use: Scroll            |     7 |     2 |    15 |     4 ||    28
         Potion            |       |     4 |     3 |     5 ||    12
   Stab: Invisible         |       |       |       |     1 ||     1
 Armour: Robe              |     3 |       |       |       ||     3
         Leather armour    |     5 |    14 |    54 |     5 ||    78
         Skin              |       |       |       |    17 ||    17
  Dodge: Dodged            |    23 |    45 |    93 |    11 ||   172
  Block: Buckler           |       |       |    18 |     9 ||    27

Levels and vault maps discovered:
D:1:      dpeg_arrival_pond, layout_basic
D:2:      layout_loops_ring
D:3:      layout_loops_ring, lightli_temple_of_fire
D:4:      layout_basic, marbit_many_paths, uniq_eustachio
D:5:      layout_gridville, serial_shops, nicolae_shop_statue_plus,
          portal_sewer_entry_b, minmay_manual_mess, uniq_grinder
D:6:      layout_rooms, mainiacjoe_overflow_small_starburst, lemuel_round_altar,
          minmay_temple_entry_offerings, corexii_leaking_fountain
D:7:      corexii_shantytown, layout_basic, nicolae_elyvilon_temple_path,
          nicolae_ossuary_entry_ruins
D:8:      layout_loops_corners, nemelex_diamond_rough_becter
D:9:      layout_irregular_city, serial_column_ruins, column_ruins_temple_hall,
          column_ruins_hut, column_ruins_corridor_straight, column_ruins_grid_4,
          column_ruins_columns_straight, st_stairs_1, hex_large,
          hangedman_glass_teeth, minmay_misc_feat_four_crosses, uniq_grum,
          uniq_maggie
D:10:     layout_loops_corners, zin_angel, kiku_gazebo_garden_becter,
          mainiacjoe_overflow_two_lobes, lair_entry_dummy
D:11:     layout_loops_corners, hiddenorc1_lemuel, gauntlet_entry_generic,
          serial_undead, serial_undead_e, serial_undead_a, serial_undead_b,
          serial_undead_a, uniq_nergalle
Temple:   hellmonk_temple_flake
Gauntlet: gammafunk_gauntlet_branching [gammafunk_gauntlet_arena_split_x,
          minmay_gauntlet_arena_make_your_own_arena,
          gammafunk_gauntlet_arena_hedges,
          gammafunk_gauntlet_arena_arrow_garden, nicolae_gauntlet_arena_grate_2,
          nicolae_gauntlet_arena_x, nicolae_gauntlet_arena_flowing_pool,
          gammafunk_gauntlet_arena_spirals, dreamdust_gauntlet_exit_labyrinth]

Notes
Turn   | Place    | Note
-------+----------+-------------------------------------------
     0 | D:1      | quinnr the Deep Elf Air Elementalist began the quest for
                  | the Orb.
     0 | D:1      | Reached XP level 1. HP: 10/10 MP: 6/6
   286 | D:1      | Reached XP level 2. HP: 15/15 MP: 5/8
  1006 | D:2      | Identified the +2 leather armour "Wunigix" {rCorr Dex+5}
  1048 | D:2      | Reached skill level 4 in Air Magic
  1145 | D:2      | You fall into a shaft and drop 2 floors!
  1163 | D:4      | Reached XP level 3. HP: 19/19 MP: 7/9
  1776 | D:2      | Reached skill level 3 in Stealth
  2036 | D:2      | Reached skill level 1 in Armour
  2519 | D:3      | Reached XP level 4. HP: 9/24 MP: 5/10
  2826 | D:3      | Learned a level 2 spell: Static Discharge
  2831 | D:3      | Learned a level 4 spell: Airstrike
  2841 | D:3      | Found a burning altar of Makhleb.
  3385 | D:5      | Entered Level 5 of the Dungeon
  3408 | D:5      | Found a glowing drain.
  3435 | Sewer    | Entered a sewer
  3642 | Sewer    | Reached XP level 5. HP: 28/28 MP: 4/11
  3808 | Sewer    | Reached skill level 4 in Stealth
  3808 | Sewer    | Reached skill level 1 in Shields
  4519 | D:5      | Noticed Grinder
  4526 | D:5      | Paralysed by Grinder for 2 turns
  4535 | D:5      | Killed Grinder
  4536 | D:5      | Reached skill level 2 in Armour
  4536 | D:5      | Reached skill level 5 in Air Magic
  4536 | D:5      | Reached XP level 6. HP: 32/32 MP: 3/12
  4639 | D:5      | Reached skill level 2 in Shields
  4693 | D:5      | Reached skill level 5 in Stealth
  4883 | D:5      | Reached XP level 7. HP: 36/36 MP: 6/13
  5188 | D:4      | Noticed Eustachio
  5198 | D:4      | Killed Eustachio
  5199 | D:4      | Reached skill level 1 in Fighting
  5199 | D:4      | Reached skill level 3 in Armour
  5199 | D:4      | Reached skill level 3 in Dodging
  5551 | D:4      | Reached skill level 2 in Conjurations
  5927 | D:4      | Found a blossoming altar of Fedhas.
  5976 | D:4      | Found a blossoming altar of Fedhas.
  6780 | D:5      | Reached skill level 4 in Dodging
  6798 | D:5      | Reached skill level 6 in Stealth
  6798 | D:5      | Reached XP level 8. HP: 41/43 MP: 9/14
  6962 | D:5      | Reached skill level 3 in Shields
  7070 | D:5      | Reached skill level 3 in Conjurations
  7078 | D:5      | Reached skill level 6 in Air Magic
  7261 | D:5      | Found Cugi's Antique Armour Boutique.
  7355 | D:5      | Bought a glimmering helmet for 237 gold pieces
  7355 | D:5      | Identified the +0 helmet "Mushri Naadi" {Regen+ SInv} (You
                  | bought it in a shop on level 5 of the Dungeon)
  7563 | D:5      | Reached skill level 4 in Shields
  7695 | D:6      | Reached skill level 7 in Air Magic
  7704 | D:6      | Found a hazy altar of Hepliaklqana.
  7743 | D:6      | Found a staircase to the Ecumenical Temple.
  7749 | Temple   | Entered the Ecumenical Temple
  7809 | Temple   | Became a worshipper of Vehumet
  8108 | D:6      | Found a hide-covered altar of Uskayaw.
  8363 | D:7      | Reached skill level 8 in Air Magic
  8376 | D:7      | Found a sand-covered staircase.
  8431 | Ossuary  | Entered an ossuary
  8831 | Ossuary  | Reached * piety under Vehumet
  8831 | Ossuary  | Offered knowledge of Magic Dart by Vehumet.
  8868 | Ossuary  | Reached skill level 1 in Evocations
  8868 | Ossuary  | Reached XP level 9. HP: 34/47 MP: 3/15
  9591 | D:7      | Reached skill level 2 in Evocations
  9595 | D:7      | Reached skill level 2 in Fighting
  9810 | D:7      | Reached skill level 5 in Dodging
 10164 | D:7      | Found a white marble altar of Elyvilon.
 10165 | D:7      | Reached ** piety under Vehumet
 10297 | D:7      | Offered knowledge of Searing Ray by Vehumet.
 10379 | D:7      | Reached skill level 3 in Evocations
 10767 | D:8      | Identified the +1 sling of Analysis {speed, rC- rN+ rCorr}
 10773 | D:8      | Gained mutation: You are frail. (-10% HP) [potion of
                  | mutation]
 10773 | D:8      | Gained mutation: You have sharp toenails. [potion of
                  | mutation]
 10774 | D:8      | Lost mutation: You have sharp toenails. [potion of
                  | mutation]
 10774 | D:8      | Lost mutation: You are frail. (-10% HP) [potion of
                  | mutation]
 10774 | D:8      | Gained mutation: You have large cloven feet. [potion of
                  | mutation]
 10774 | D:8      | Gained mutation: Your muscles are strong. (Str +4, Int/Dex
                  | -1) [potion of mutation]
 10774 | D:8      | Gained mutation: Your movements are slightly less
                  | encumbered by armour. (ER -2) [potion of mutation]
 10976 | D:8      | Learned a level 3 spell: Swiftness
 11015 | D:8      | Found a sparkling altar of Nemelex Xobeh.
 11752 | D:9      | Learned a level 4 spell: Summon Lightning Spire
 11760 | D:9      | Identified a scroll of acquirement
 11763 | D:9      | Acquired a staff of air
 11796 | D:9      | Reached skill level 1 in Summonings
 11953 | D:9      | Reached skill level 3 in Fighting
 12037 | D:9      | Reached skill level 4 in Spellcasting
 12037 | D:9      | Reached skill level 4 in Evocations
 12047 | D:9      | Reached skill level 2 in Summonings
 12047 | D:9      | Reached skill level 9 in Air Magic
 12050 | D:9      | Reached skill level 5 in Spellcasting
 12050 | D:9      | Reached skill level 3 in Summonings
 12205 | D:9      | Noticed Maggie
 12210 | D:9      | Killed Maggie
 12210 | D:9      | Offered knowledge of Stone Arrow by Vehumet.
 12211 | D:9      | Reached skill level 4 in Summonings
 12211 | D:9      | Reached XP level 10. HP: 56/56 MP: 3/19
 12484 | D:9      | Noticed Grum
 12527 | D:9      | Killed Grum
 12627 | D:9      | Found a faded altar of an unknown god.
 12747 | D:9      | Reached *** piety under Vehumet
 12748 | D:9      | Reached skill level 10 in Air Magic
 13085 | D:10     | Entered Level 10 of the Dungeon
 13117 | D:10     | Noticed a red ugly thing
 13126 | D:10     | Killed a red ugly thing
 13250 | D:11     | Found a gate leading to a gauntlet.
 13258 | Gauntlet | Entered a Gauntlet
 13258 | Gauntlet | Found a large runed translucent door.
 13258 | Gauntlet | Found a large runed translucent door.
 13258 | Gauntlet | Found a large runed translucent door.
 13258 | Gauntlet | Found a large runed translucent door.
 13258 | Gauntlet | Found a large runed translucent door.
 13258 | Gauntlet | Found a large runed translucent door.
 13258 | Gauntlet | Found a runed translucent door.
 13258 | Gauntlet | Found a transporter.
 13258 | Gauntlet | Found a transporter.
 13258 | Gauntlet | Found a runed translucent door.
 13258 | Gauntlet | Found a large runed translucent door.
 13258 | Gauntlet | Found a large runed translucent door.
 13258 | Gauntlet | Found a large runed translucent door.
 13258 | Gauntlet | Found a large runed translucent door.
 13258 | Gauntlet | Found a large runed translucent door.
 13258 | Gauntlet | Found a large runed translucent door.
 13262 | Gauntlet | Found a transporter.
 13262 | Gauntlet | Found a transporter.
 13263 | Gauntlet | Found a large runed translucent door.
 13263 | Gauntlet | Found a large runed translucent door.
 13263 | Gauntlet | Found a large runed translucent door.
 13263 | Gauntlet | Found a large runed translucent door.
 13267 | Gauntlet | Found a runed translucent gate.
 13267 | Gauntlet | Found a runed translucent gate.
 13267 | Gauntlet | Found a runed translucent gate.
 13270 | Gauntlet | Noticed a wizard
 13270 | Gauntlet | Noticed a sixfirhy
 13278 | Gauntlet | Found a transporter.
 13281 | Gauntlet | Found a transporter.
 13282 | Gauntlet | Found a transporter.
 13304 | Gauntlet | Found a transporter.
 13321 | Gauntlet | Found a transporter.
 13342 | Gauntlet | Noticed a death scarab
 13346 | Gauntlet | Noticed a spectral catoblepas
 13352 | Gauntlet | Noticed an oklob plant
 13353 | Gauntlet | Found a transporter.
 13404 | Gauntlet | Found a transporter.
 13428 | Gauntlet | Identified a potion of resistance
 13439 | Gauntlet | Killed a death scarab
 13440 | Gauntlet | Reached skill level 11 in Air Magic
 13442 | Gauntlet | Killed a spectral catoblepas
 13489 | Gauntlet | Found a transporter.
 13498 | Gauntlet | Noticed a soul eater
 13503 | Gauntlet | Found a transporter.
 13538 | Gauntlet | Killed a soul eater
 13539 | Gauntlet | Reached skill level 12 in Air Magic
 13599 | Gauntlet | Found a transporter.
 13622 | Gauntlet | Reached skill level 4 in Fighting
 13740 | Gauntlet | Identified the ring "Rutuam" {Wiz rCorr Dex+4 Slay+2}
 13776 | Gauntlet | Noticed a minotaur
 13783 | Gauntlet | Slain by a minotaur

Vanquished Creatures
  A death scarab (Gauntlet)
  A soul eater (Gauntlet)
  An ugly thing (D:10)
  Maggie (D:9)
  Grinder (D:5)
  3 yaks (D:9)
  2 wyverns
  Grum (D:9)
  Eustachio (D:4)
  2 swamp worms (Gauntlet)
  A black bear (D:6)
  An orc warrior (D:9)
  3 ogres
  2 wolves (D:9)
  2 centaurs
  A kobold brigand (D:8)
  2 phantoms (D:5)
  4 scorpions
  3 bullfrogs
  A gnoll sergeant (D:9)
  3 wights (D:9)
  4 water moccasin zombies (Ossuary)
  A killer bee (D:5)
  4 jellies (D:5)
  An electric eel (D:7)
  3 howler monkeys
  A hound (D:5)
  An orc priest (D:7)
  5 iguanas
  4 orc wizards
  2 mummies (Ossuary)
  16 gnolls
  4 river rats (Sewer)
  7 adders
  2 shadow imps
  3 white imps
  An ufetubus (D:5)
  3 adder zombies (Ossuary)
  7 worms
  23 orcs
  10 ball pythons
  4 endoplasms
  6 giant cockroaches
  7 gnoll zombies (Ossuary)
  12 hobgoblins
  2 jackals (Sewer)
  5 quokkas
  18 bats
  3 frilled lizards
  9 goblins
  4 hobgoblin zombies (Ossuary)
  23 kobolds
  5 kobold zombies (Ossuary)
  An orc zombie (Ossuary)
  6 rats
244 creatures vanquished.

Vanquished Creatures (collateral kills)
  A spectral catoblepas (Gauntlet)
  A yak (D:9)
  A swamp worm (Gauntlet)
  A centaur (D:9)
  A bullfrog (D:9)
  An orc priest (D:9)
  An orc wizard (D:9)
  2 orcs (D:9)
9 creatures vanquished.

Vanquished Creatures (others)
  A tyrant leech (Gauntlet)
  3 fungi (Gauntlet)
  15 plants
  21 withered plants
40 creatures vanquished.

Grand Total: 293 creatures vanquished

Table legend: (Time is in decaauts)
 A = Elapsed time spent in this place.
 B = Non-inter-level travel time spent in this place.
 C = Inter-level travel time spent in this place.
 D = Time resting spent in this place.
 E = Time spent auto-exploring this place.
 F = Levels seen in this place.
 G = Mean time per level.
                   A        B        C        D        E       F      G
               +--------+--------+--------+--------+--------+-----+--------+
         Total |  13928 |  13440 |    488 |    771 |  10569 |  15 |  928.5 |
       Dungeon |  11463 |  10985 |    478 |    500 |   8989 |  11 | 1042.1 |
        Temple |     70 |     60 |     10 |      0 |     45 |   1 |   70.0 |
         Sewer |   1215 |   1215 |      0 |     70 |    976 |   1 | 1215.0 |
       Ossuary |    645 |    645 |      0 |     19 |    478 |   1 |  645.0 |
      Gauntlet |    533 |    533 |      0 |    182 |     81 |   1 |  533.0 |
               +--------+--------+--------+--------+--------+-----+--------+

Top non-repeatable levels by time:
     D:7: 1739 daAuts
     D:4: 1734 daAuts
     D:5: 1558 daAuts
     D:9: 1421 daAuts
     D:2: 1284 daAuts
   Sewer: 1215 daAuts
     D:3: 1068 daAuts
     D:8: 992 daAuts
     D:1: 860 daAuts
     D:6: 708 daAuts
 Ossuary: 645 daAuts
Gauntlet: 533 daAuts
    D:10: 76 daAuts
  Temple: 70 daAuts
    D:11: 20 daAuts

Table legend:
 A = Non-vault XP
 B = Vault XP
 C = Vault XP percentage of total XP
 D = Non-vault monster count
 E = Vault monster count
 F = Vault count percentage of total count
                 A         B        C        D         E       F
            +---------+---------+-------+---------+---------+-------
      Total |    5262 |    5112 |  49.3 |     147 |     107 |  42.1
            +---------+---------+-------+---------+---------+-------
        D:1 |      22 |       0 |   0.0 |      15 |       0 |   0.0
        D:2 |      53 |       0 |   0.0 |      22 |       0 |   0.0
        D:3 |      83 |       0 |   0.0 |      16 |       0 |   0.0
        D:4 |     237 |     184 |  43.7 |      22 |       2 |   8.3
        D:5 |     996 |     359 |  26.5 |      21 |       7 |  25.0
        D:6 |     340 |       0 |   0.0 |       9 |       0 |   0.0
        D:7 |     862 |     105 |  10.9 |      16 |      29 |  64.4
        D:8 |     284 |       0 |   0.0 |       9 |       0 |   0.0
        D:9 |    1790 |     989 |  35.6 |      16 |       6 |  27.3
       D:10 |     595 |       0 |   0.0 |       1 |       0 |   0.0
      Sewer |       0 |     145 | 100.0 |       0 |      29 | 100.0
    Ossuary |       0 |     389 | 100.0 |       0 |      26 | 100.0
   Gauntlet |       0 |    2941 | 100.0 |       0 |       8 | 100.0
            +---------+---------+-------+---------+---------+-------

Levels and vault maps discovered:
D:1:      dpeg_arrival_pond, layout_basic
D:2:      layout_loops_ring
D:3:      layout_loops_ring, lightli_temple_of_fire
D:4:      layout_basic, marbit_many_paths, uniq_eustachio
D:5:      layout_gridville, serial_shops, nicolae_shop_statue_plus,
          portal_sewer_entry_b, minmay_manual_mess, uniq_grinder
D:6:      layout_rooms, mainiacjoe_overflow_small_starburst, lemuel_round_altar,
          minmay_temple_entry_offerings, corexii_leaking_fountain
D:7:      corexii_shantytown, layout_basic, nicolae_elyvilon_temple_path,
          nicolae_ossuary_entry_ruins
D:8:      layout_loops_corners, nemelex_diamond_rough_becter
D:9:      layout_irregular_city, serial_column_ruins, column_ruins_temple_hall,
          column_ruins_hut, column_ruins_corridor_straight, column_ruins_grid_4,
          column_ruins_columns_straight, st_stairs_1, hex_large,
          hangedman_glass_teeth, minmay_misc_feat_four_crosses, uniq_grum,
          uniq_maggie
D:10:     layout_loops_corners, zin_angel, kiku_gazebo_garden_becter,
          mainiacjoe_overflow_two_lobes, lair_entry_dummy
D:11:     layout_loops_corners, hiddenorc1_lemuel, gauntlet_entry_generic,
          serial_undead, serial_undead_e, serial_undead_a, serial_undead_b,
          serial_undead_a, uniq_nergalle
Temple:   hellmonk_temple_flake
Gauntlet: gammafunk_gauntlet_branching [gammafunk_gauntlet_arena_split_x,
          minmay_gauntlet_arena_make_your_own_arena,
          gammafunk_gauntlet_arena_hedges,
          gammafunk_gauntlet_arena_arrow_garden, nicolae_gauntlet_arena_grate_2,
          nicolae_gauntlet_arena_x, nicolae_gauntlet_arena_flowing_pool,
          gammafunk_gauntlet_arena_spirals, dreamdust_gauntlet_exit_labyrinth]
